 Dungeon Crawl Stone Soup version 0.31-a0-1036-g31867e143a (webtiles) character file.

Game seed: 2938087657112858220

112 Azuregosa the Sneak (level 4, -7/31 HPs)
             Began as an Octopode Delver on Nov 19, 2023.
             Was an Initiate of Gozag.
             Mangled by an iguana (11 damage)
             ... on level 4 of the Dungeon.
             The game lasted 00:04:02 (507 turns).

Azuregosa the Sneak (Octopode Delver)                Turns: 507, Time: 00:04:03

Health: -7/31      AC:  1    Str: 11    XL:     4   Next: 95%
Magic:  4/4        EV: 13    Int: 12    God:    Gozag
Gold:   106        SH:  0    Dex: 15    Spells: 3/3 levels left

rFire   . . .        c - +2 war axe (venom)
rCold   . . .        (no shield)
rNeg    . . .        (helmet restricted)
rPois   .            (no amulet)
rElec   .            (no ring)
rCorr   .            (no ring)
SInv    .            (no ring)
Will    .....        (no ring)
Stlth   +++++        (no ring)
HPRegen 0.25/turn    (no ring)
MPRegen 0.09/turn    (no ring)
                     (no ring)

%: no passive effects
@: gold aura
A: almost no armour, amphibious, 8 rings, camouflage 1, gelatinous body 1,
(nimble swimmer 1), tentacles
a: Renounce Religion, Potion Petition, Call Merchant, Bribe Branch


You were on level 4 of the Dungeon.
You worshipped Gozag.
Gozag was aware of your devotion.
You visited 1 branch of the dungeon, and saw 3 of its levels.

You collected 113 gold pieces.
You paid 7 gold pieces to Gozag.

Inventory:

Hand Weapons
 a - a +0 mace
 c - a +2 war axe of venom (weapon)
 e - a +2 trident of venom
 h - a +0 whip of pain
Wands
 f - a wand of digging (3)
Scrolls
 b - a scroll of fog
 d - a scroll of fear
 g - a scroll of teleportation {unknown}
 i - a scroll of amnesia {unknown}
Potions
 j - a potion of curing {unknown}


   Skills:
 - Level 3.0 Fighting
 + Level 3.0(3.6) Axes
 - Level 2.9(3.6) Maces & Flails
 - Level 2.0 Dodging
 + Level 7.3 Stealth


You had 3 spell levels left.
You didn't know any spells.
Your spell library contained the following spells:

 Spells                   Type           Power      Damage    Failure   Level
 Hailstorm                Conj/Ice       0%         3d3       69%         3
 Summon Ice Beast         Ice/Summ       0%         N/A       97%         4
 Simulacrum               Ice/Necr       Unusable   N/A       N/A         6

Dungeon Overview and Level Annotations

Branches:
Dungeon (5/15)
 Temple: D:4-7

Altars:
Elyvilon
Gozag

Shops:
D:4 ::*

Annotations:
D:3 2 runed translucent doors, Gynju's ghost, amateur KoHs
D:4 1 transporter, Turbonekonecno's ghost, amateur SpEn


Innate Abilities, Weirdness & Mutations

You cannot wear most types of armour.
You are amphibious.
You can wear up to eight rings at the same time.
Your skin changes colour to match your surroundings (Stealth+).
Your rubbery body absorbs attacks. (AC +1, EV +1)
((You are camouflaged when in or above water. (Stealth+)))
You have tentacles for arms and can constrict up to eight enemies at once.


Message History

Things that are here:
a +0 club; a +0 chain mail
Found a stone staircase leading up.
Found 13 gold pieces.
You now have 99 gold pieces (gained 13).
i - a scroll labelled GOHORO WIVUPRUBO
Found a stone staircase leading down.
j - a fizzy dark potion
Found a runed translucent door.
A ball python comes into view.
There is a stone staircase leading down here.
The helpless ball python fails to defend itself.
You slash the ball python!
You kill the ball python!
You now have 106 gold pieces (gained 7).
There is a stone staircase leading down here.
You climb downwards.
Level annotation: 1 transporter, Turbonekonecno's ghost, amateur SpEn
Found a robe.
Found Gain Wet's Book Emporium.
Found an escape hatch in the ceiling.
There is a stone staircase leading up here.
There is an escape hatch in the ceiling here.
There is an entrance to Gain Wet's Book Emporium here.
You can access your shopping list by pressing '$'.
A kobold comes into view. It is wielding a +0 short sword.
The kobold shouts!
The iguana bites you!
You closely miss the iguana. Your grab misses the iguana.
You squeeze the iguana.
The iguana is lightly wounded.
The iguana bites you!
* * * LOW HITPOINT WARNING * * *
You closely miss the iguana. You grab the iguana.
The iguana is lightly wounded.
You hit the kobold.
You kill the kobold!
You constrict the iguana, but do no damage.
The iguana bites you!
You die...
Your body crumbles into a pile of gold.

#......<########.# #8...>.
...##.8[<.∩.8....###...[..
..............###8...W...
..######.#####...........#
# #..# .###..<...8# ..#
##.# #........ #...###.#
#8...8### #.....# ##..###
####.@# #.## ##l$# #.
#.... .. ...##.. .. ....
... ..###. #. #. . .. .


You could see an iguana.

Vanquished Creatures
  A scorpion (D:5)
  An orc priest (D:3)
  An adder (D:5)
  4 orcs
  A ball python (D:3)
  An endoplasm (D:3)
  A goblin (D:4)
  A hobgoblin (D:3)
  A quokka (D:4)
  A kobold (D:4)
13 creatures vanquished.

Notes
Turn   | Place    | Note
-------+----------+-------------------------------------------
     0 | D:5      | Azuregosa the Octopode Delver began the quest for the Orb.
     0 | D:5      | Reached XP level 1. HP: 16/16 MP: 1/1
    28 | D:5      | Found a white marble altar of Elyvilon.
    29 | D:5      | Found an opulent altar of Gozag.
    33 | D:5      | Became a worshipper of Gozag Ym Sagoz the Greedy
    46 | D:5      | Noticed a scorpion
    57 | D:4      | Noticed an iguana
    60 | D:4      | Found a transporter.
    60 | D:4      | Noticed a quasit
    60 | D:4      | Noticed a quasit
    61 | D:4      | Noticed a quasit
    61 | D:4      | Noticed Turbonekonecno's ghost (amateur SpEn)
    96 | D:4      | Found Siureala's General Store.
   143 | D:4      | Found Keaschir's Book Shop.
   156 | D:5      | Noticed a phantom
   156 | D:5      | Noticed a scorpion
   159 | D:5      | Noticed a scorpion
   168 | D:5      | Reached skill level 1 in Axes
   168 | D:5      | Reached XP level 2. HP: 14/21 MP: 2/2
   170 | D:5      | Killed a scorpion
   171 | D:5      | Reached skill level 7 in Stealth
   171 | D:5      | Reached XP level 3. HP: 14/26 MP: 3/3
   171 | D:5      | Reached XP level 4. HP: 17/31 MP: 4/4
   182 | D:3      | Noticed Gynju's ghost (amateur KoHs)
   182 | D:3      | Found a runed translucent door.
   481 | D:3      | Found a runed translucent door.
   495 | D:4      | Found Gain Wet's Book Emporium.
   507 | D:4      | Mangled by an iguana

Illustrated notes

Levels and vault maps discovered:
D:3:      layout_loops_ring, serial_shops, shop, ebering_ghost_sewer_f,
          kennysheep_flooded_box
D:4:      layout_rooms, gammafunk_ghost_stat_death, serial_shops, shop,
          shop_statue, nicolae_shop_advertising_works
          [nicolae_subvault_shop_adworks], chequers_serial_rivers_marsh,
          roderic_roman_lattice, nicolae_shop_i_like_big_books,
          nicolae_stop_n_shop_1, minmay_crystal_room
D:5:      layout_rooms, gammafunk_temple_overflow_statue, marbit_many_paths,
          mainiacjoe_overflow_small_starburst, gup_sewer_entry_glass,
          serial_shops, nicolae_shop_back_alley_shop, uniq_menkaure

Skill      XL: |  1  2  3  4 |
---------------+-------------+-----
Axes           | 1 2 3 |  3.0
Stealth        | 7 |  7.3
Fighting       | |  3.0
Maces & Flails | |  2.9
Dodging        | |  2.0

Action                     |  1- 3 |  4- 6 || total
---------------------------+-------+-------++-------
  Melee: War axe           |     8 |    17 ||    25
         Constrict         |     2 |     6 ||     8
         Tentacles         |       |     5 ||     5
    Use: Scroll            |     1 |       ||     1
         Potion            |       |     2 ||     2
   Stab: Sleeping          |     1 |     1 ||     2
         Distracted        |     1 |       ||     1
 Armour: Skin              |     2 |    12 ||    14
  Dodge: Dodged            |     6 |     8 ||    14

Table legend: (Time is in decaauts)
 A = Elapsed time spent in this place.
 B = Non-inter-level travel time spent in this place.
 C = Inter-level travel time spent in this place.
 D = Time resting spent in this place.
 E = Time spent auto-exploring this place.
 F = Levels seen in this place.
 G = Mean time per level.
                   A        B        C        D        E       F      G
               +--------+--------+--------+--------+--------+-----+--------+
         Total |    493 |    493 |      0 |     92 |    142 |   3 |  164.3 |
       Dungeon |    493 |    493 |      0 |     92 |    142 |   3 |  164.3 |
               +--------+--------+--------+--------+--------+-----+--------+

Top non-repeatable levels by time:
     D:3: 298 daAuts
     D:4: 125 daAuts
     D:5: 70 daAuts
